 Dungeon Crawl Stone Soup version 0.30-b1-2-g02819fbbbe (webtiles) character file.

Game seed: 8650943744724271952

26 Alarkh the Vexing (level 2, -1/22 HPs)
             Began as a Demonspawn Hexslinger on July 8, 2023.
             Slain by Terence
             ... wielding a +0 short sword
              (6 damage)
             ... on level 1 of the Dungeon.
             The game lasted 00:01:04 (712 turns).

Alarkh the Vexing (Demonspawn Hexslinger)            Turns: 712, Time: 00:01:05

Health: -1/22      AC:  2    Str: 10    XL:     2   Next: 89%
Magic:  3/3        EV: 12    Int: 14    God:
Gold:   33         SH:  0    Dex: 13    Spells: 2/3 levels left

rFire   . . .        a - +1 sling
rCold   . . .        (no shield)
rNeg    . . .        c - +0 robe
rPois   .            (no helmet)
rElec   .            (no cloak)
rCorr   .            (no gloves)
SInv    .            (no boots)
Will    .....        (no amulet)
Stlth   +            (no ring)
HPRegen 0.23/turn    (no ring)
MPRegen 0.08/turn

%: no passive effects
@: flying
A: powered by death 1
a: no special abilities


You were on level 1 of the Dungeon.
You visited 1 branch of the dungeon, and saw 2 of its levels.

You collected 33 gold pieces.

Inventory:

Hand Weapons
 a - a +1 sling (weapon)
Armour
 c - a +0 robe (worn)
Potions
 e - a potion of magic


   Skills:
 + Level 1.8 Fighting
 * Level 2.7 Ranged Weapons
 - Level 1.7 Dodging
 - Level 1.0 Spellcasting
 - Level 3.0 Hexes


You had 2 spell levels left.
You knew the following spells:

 Your Spells              Type           Power      Damage    Failure   Level
a - Slow                  Hex            36%        N/A       8%          1

Your spell library contained the following spells:

 Spells                   Type           Power      Damage    Failure   Level
 Inner Flame              Hex/Fire       4%         N/A       38%         3
 Portal Projectile        Hex/Tloc       8%         N/A       38%         3
 Cause Fear               Hex            4%         N/A       58%         4


Dungeon Overview and Level Annotations

Branches:
Dungeon (2/15)

Altars:

Annotations:
D:1 Terence


Innate Abilities, Weirdness & Mutations

You regenerate a little health from kills.


Message History

The sling bullet hits Terence but does no damage.
Terence is heavily wounded.
Terence hits you with a +0 short sword.
You shoot a sling bullet. The sling bullet barely misses Terence.
Terence hits you with a +0 short sword. Terence misses you.
You shoot a sling bullet.
The sling bullet hits Terence but does no damage.
Terence is heavily wounded.
Terence hits you with a +0 short sword.
You are too injured to fight recklessly!
You are too injured to fight recklessly!
It was a potion of magic.
Magic courses through your body. Terence hits you with a +0 short sword.
* * * LOW HITPOINT WARNING * * *
It was a potion of flight.
You feel very buoyant.
You fly up into the air.
Terence hits you with a +0 short sword.
* * * LOW HITPOINT WARNING * * *
It was a potion of curing.
You feel better. Terence hits you with a +0 short sword.
As you read the scroll labelled RECEL ZEMUFOX, it crumbles to dust.
You feel aware of your surroundings.
You sensed 1 altar.
It was a scroll of magic mapping.
Terence hits you with a +0 short sword.
* * * LOW HITPOINT WARNING * * *
As you read the scroll labelled JAEMAQ TEICWIJ, it crumbles to dust.
It is a scroll of identify.
You don't currently have any unidentified items.
Terence says, "Time to say good-bye..."
Terence hits you with a +0 short sword.
* * * LOW HITPOINT WARNING * * *
Okay, then.
Terence attacks as you move away! Terence closely misses you.
There is a stone staircase leading up here.
Terence misses you.
You fly upwards.
There is a stone staircase leading down here.
Terence attacks as you move away! Terence closely misses you.
Terence attacks as you move away! Terence closely misses you.
Terence attacks as you move away! Terence hits you with a +0 short sword.
You die...

#...#.######.#.#.#####......#
..........##.........######.#
....#.###........###.# #.#
#.#.#.######.#.#.# #.# #.#
..#.#........#.#.# #.# ##.##
###.#######..#.#.###.#
##...## #.# #...........#
##.#.#.## ##.#
#.#.#.#.@...###.##.##.# #..#
#.#.#)#@###...........# #.##
#.#.#.#.# #..##.##.#..# #.#
#.#.#.#.# #..###.#.#.## ##.##
#.#.#...###..####....# ###.#
#.#.###..........#.#.# ....#
##..........>.###.#.#.#
#.#.###
#...............#.#.#.#
......#
#.###.....###.#.#.#.#.#
#.#.#.###†#
##...[..........#.#


You could see Terence.

Vanquished Creatures
  3 endoplasms
  A giant cockroach (D:1)
  2 hobgoblins
  6 jackals (D:1)
  A quokka (D:1)
  3 bats
  2 frilled lizards (D:1)
  A goblin (D:1)
  2 kobolds (D:1)
  2 rats (D:1)
23 creatures vanquished.

Notes
Turn   | Place    | Note
-------+----------+-------------------------------------------
     0 | D:1      | Alarkh the Demonspawn Hexslinger began the quest for the
                  | Orb.
     0 | D:1      | Reached XP level 1. HP: 15/15 MP: 2/2
   216 | D:1      | Gained mutation: You regenerate a little health from kills.
                  | [demonic ancestry]
   216 | D:1      | Reached XP level 2. HP: 18/21 MP: 3/3
   658 | D:2      | Noticed Terence
   696 | D:2      | HP: 1/22 [Terence/+0 short sword (2)]
   712 | D:1      | Slain by Terence

Illustrated notes

Levels and vault maps discovered:
D:1:      roderic_chinese_lattice_arrival, layout_loops_ring
D:2:      layout_basic, basic_altar, minivault_14, dk_noncrumbling_4,
          uniq_terence, uniq_jessica

Skill      XL: |  1 |
---------------+----+-----
Ranged Weapons | 2 |  2.7
Fighting       | |  1.8
Dodging        | |  1.7
Spellcasting   | |  1.0
Hexes          | |  3.0

Action                     || total
---------------------------++-------
   Fire: Sling             ||    80
    Use: Scroll            ||     3
         Potion            ||     3
 Armour: Robe              ||     7
  Dodge: Dodged            ||    33
